TOP OF THE 1ST |
San Francisco Bandits batting - Pitching for Vista Panthers : RHP Dave Jackson
|
Pitching: RHP Dave Jackson
|
|
Batting: RHB Javier Ramírez
|
0-0: Fly out, F8 (Flyball, 89XD)
|
Batting: LHB Jerry Bryan
|
0-0: Called Strike 0-1: Ball 1-1: Ball 2-1: Ball 3-1: Foul Ball, location: 2F 3-2: Base on Balls
|
Batting: RHB Ramón Ruíz
|
0-0: Called Strike 0-1: Grounds into double play, 5-4-3 (Groundball, 5)
|
Top of the 1st over - 0 run(s), 0 hit(s), 0 error(s), 0 left on base; San Francisco 0 - Vista 0 |
BOTTOM OF THE 1ST |
Vista Panthers batting - Pitching for San Francisco Bandits : LHP Pancho Guerrero
|
Pitching: LHP Pancho Guerrero
|
|
Batting: RHB John Mendelson
|
0-0: Ball 1-0: Foul Ball, location: 2F 1-1: Ball 2-1: Ground out 6-3 (Groundball, 6)
|
Batting: RHB Roberto Cruz
|
0-0: Called Strike 0-1: Ball 1-1: Ball 2-1: Reached on error, E6 (Groundball, 6)
|
Batting: LHB Bob Cunningham
|
0-0: Ball 1-0: Ball 2-0: Called Strike 2-1: Called Strike 2-2: Strikes out swinging
|
Batting: RHB Cisco Gatán
|
0-0: Ball 1-0: Swinging Strike 1-1: Called Strike 1-2: Ball 2-2: Strikes out looking
|
Bottom of the 1st over - 0 run(s), 0 hit(s), 1 error(s), 1 left on base; San Francisco 0 - Vista 0 |
TOP OF THE 2ND |
San Francisco Bandits batting - Pitching for Vista Panthers : RHP Dave Jackson
|
Batting: RHB Gustavo Ortíz
|
0-0: Ball 1-0: Called Strike 1-1: Ball 2-1: Ball 3-1: Swinging Strike 3-2: Foul Ball, location: 2F 3-2: Strikes out looking and he ARGUES THE CALL AND IS TOSSED!
|
Batting: LHB Jack Hewat
|
0-0: Ball 1-0: Ball 2-0: Foul Ball, location: 2F 2-1: Foul Ball, location: 2F 2-2: DOUBLE (Line Drive, 5D)
|
Batting: RHB Naomichi Aoki
|
0-0: Ball 1-0: Ball 2-0: Called Strike 2-1: Fly out, F8 (Flyball, 8RM)
|
Batting: LHB Mel Jones
|
0-0: Ball 1-0: Foul Ball, location: 2F 1-1: Ball 2-1: Foul Ball, location: 2F 2-2: Ground out 6-3 (Groundball, 6)
|
Top of the 2nd over - 0 run(s), 1 hit(s), 0 error(s), 1 left on base; San Francisco 0 - Vista 0 |
BOTTOM OF THE 2ND |
Vista Panthers batting - Pitching for San Francisco Bandits : LHP Pancho Guerrero
|
Now in RF: Jorge Díaz
|
|
Batting: LHB Donovan Bird
|
0-0: Swinging Strike 0-1: SINGLE (Flyball, 9S)
|
Batting: RHB Griswold Coleman
|
0-0: Foul Ball, location: 2F 0-1: Called Strike 0-2: Fly out, F8 (Flyball, 8RS)
|
Batting: RHB Salvador Salas
|
0-0: Ball 1-0: Ball 2-0: Called Strike 2-1: Fly out, F8 (Flyball, 8LD)
|
Batting: RHB Phil Matthews
|
0-0: Ball 1-0: Swinging Strike 1-1: Ball 2-1: Called Strike 2-2: Ball 3-2: Foul Ball, location: 2F 3-2: Foul Ball, location: 2F 3-2: Fly out, F7 (Flyball, 7S)
|
Bottom of the 2nd over - 0 run(s), 1 hit(s), 0 error(s), 1 left on base; San Francisco 0 - Vista 0 |
TOP OF THE 3RD |
San Francisco Bandits batting - Pitching for Vista Panthers : RHP Dave Jackson
|
Batting: RHB José Sánchez
|
0-0: Ball 1-0: Called Strike 1-1: Ball 2-1: Fly out, F9 (Flyball, 89M)
|
Batting: RHB Miguel Mendoza
|
0-0: Ball 1-0: Ground out 6-3 (Groundball, 6)
|
Batting: RHB Javier Ramírez
|
0-0: Foul Ball, location: 2F 0-1: Foul Ball, location: 2F 0-2: Ball 1-2: Foul Ball, location: 2F 1-2: Reached on error, E8 (Flyball, 8RD)
|
Batting: LHB Jerry Bryan
|
0-0: Foul Ball, location: 2F 0-1: Ball 1-1: Ball 2-1: Swinging Strike 2-2: Foul Ball, location: 2F 2-2: 2-RUN HOME RUN (Flyball, 9LD), Distance : 341 ft
|
Batting: RHB Ramón Ruíz
|
0-0: Called Strike 0-1: Swinging Strike 0-2: Strikes out swinging
|
Top of the 3rd over - 2 run(s), 1 hit(s), 1 error(s), 0 left on base; San Francisco 2 - Vista 0 |
BOTTOM OF THE 3RD |
Vista Panthers batting - Pitching for San Francisco Bandits : LHP Pancho Guerrero
|
Batting: RHB Justin Burgess
|
0-0: Ball 1-0: Called Strike 1-1: Swinging Strike 1-2: Ball 2-2: Strikes out swinging
|
Batting: RHB John Mendelson
|
0-0: Fly out, F8 (Flyball, 8LD)
|
Batting: RHB Roberto Cruz
|
0-0: Ball 1-0: Ball 2-0: Fly out, F5 (Popup, 56D)
|
Bottom of the 3rd over - 0 run(s), 0 hit(s), 0 error(s), 0 left on base; San Francisco 2 - Vista 0 |
TOP OF THE 4TH |
San Francisco Bandits batting - Pitching for Vista Panthers : RHP Dave Jackson
|
Batting: RHB Jorge Díaz
|
0-0: Swinging Strike 0-1: Called Strike 0-2: Ball 1-2: Strikes out swinging
|
Batting: LHB Jack Hewat
|
0-0: Ball 1-0: Ball 2-0: Called Strike 2-1: Called Strike 2-2: Ground out 4-3 (Groundball, 34)
|
Batting: RHB Naomichi Aoki
|
0-0: Foul Ball, location: 2F 0-1: Foul Ball, location: 2F 0-2: Strikes out swinging
|
Top of the 4th over - 0 run(s), 0 hit(s), 0 error(s), 0 left on base; San Francisco 2 - Vista 0 |
BOTTOM OF THE 4TH |
Vista Panthers batting - Pitching for San Francisco Bandits : LHP Pancho Guerrero
|
Batting: LHB Bob Cunningham
|
0-0: Called Strike 0-1: Foul Ball, location: 2F 0-2: Strikes out swinging
|
Batting: RHB Cisco Gatán
|
0-0: Ball 1-0: Called Strike 1-1: Ball 2-1: Fly out, F8 (Line Drive, 8LXD)
|
Batting: LHB Donovan Bird
|
0-0: Swinging Strike 0-1: Ball 1-1: Foul Ball, location: 2F 1-2: Ball 2-2: DOUBLE (Flyball, 8RXD)
|
Batting: RHB Griswold Coleman
|
0-0: Foul Ball, location: 2F 0-1: Ball 1-1: Foul Ball, location: 2F 1-2: Ball 2-2: Ball 3-2: Fly out, F5 (Popup, 5L)
|
Bottom of the 4th over - 0 run(s), 1 hit(s), 0 error(s), 1 left on base; San Francisco 2 - Vista 0 |
TOP OF THE 5TH |
San Francisco Bandits batting - Pitching for Vista Panthers : RHP Dave Jackson
|
Batting: LHB Mel Jones
|
0-0: Ball 1-0: Foul Ball, location: 2F 1-1: Bunt missed! 1-2: Foul Ball, location: 2F 1-2: Ball 2-2: Strikes out swinging
|
Batting: RHB José Sánchez
|
0-0: Called Strike 0-1: Foul Ball, location: 2F 0-2: Strikes out looking
|
Batting: RHB Miguel Mendoza
|
0-0: Ball 1-0: Ground out 6-3 (Groundball, 6S)
|
Top of the 5th over - 0 run(s), 0 hit(s), 0 error(s), 0 left on base; San Francisco 2 - Vista 0 |
BOTTOM OF THE 5TH |
Vista Panthers batting - Pitching for San Francisco Bandits : LHP Pancho Guerrero
|
Batting: RHB Salvador Salas
|
0-0: Foul Ball, location: 2F 0-1: Ball 1-1: SINGLE (Line Drive, 89M)
|
Batting: RHB Phil Matthews
|
0-0: Ball 1-0: Ball 2-0: Ball 3-0: Base on Balls Salvador Salas to second
|
Batting: RHB Justin Burgess
|
0-0: Called Strike 0-1: Ball 1-1: Foul Ball, location: 2F 1-2: Grounds into double play, 1-6-3 (Groundball, P) Salvador Salas to third
|
Batting: RHB John Mendelson
|
0-0: Ball 1-0: Ground out 6-3 (Groundball, 56)
|
Bottom of the 5th over - 0 run(s), 1 hit(s), 0 error(s), 1 left on base; San Francisco 2 - Vista 0 |
TOP OF THE 6TH |
San Francisco Bandits batting - Pitching for Vista Panthers : RHP Dave Jackson
|
Batting: RHB Javier Ramírez
|
0-0: Foul Ball, location: 2F 0-1: SINGLE (Groundball, 34S) (infield hit)
|
Batting: LHB Jerry Bryan
|
0-0: Ball 1-0: Foul Ball, location: 2F 1-1: Called Strike 1-2: Foul Ball, location: 2F 1-2: Strikes out looking
|
Batting: RHB Ramón Ruíz
|
0-0: Swinging Strike 0-1: Grounds into double play, 6-4-3 (Groundball, 6)
|
Top of the 6th over - 0 run(s), 1 hit(s), 0 error(s), 0 left on base; San Francisco 2 - Vista 0 |
BOTTOM OF THE 6TH |
Vista Panthers batting - Pitching for San Francisco Bandits : LHP Pancho Guerrero
|
Batting: RHB Roberto Cruz
|
0-0: Ball 1-0: Ground out 5-3 (Groundball, 56)
|
Batting: LHB Bob Cunningham
|
0-0: Called Strike 0-1: Ball 1-1: Ball 2-1: Ground out 4-3 (Groundball, 4)
|
Batting: RHB Cisco Gatán
|
0-0: Called Strike 0-1: Ball 1-1: Ball 2-1: Ground out 5-3 (Groundball, 56)
|
Bottom of the 6th over - 0 run(s), 0 hit(s), 0 error(s), 0 left on base; San Francisco 2 - Vista 0 |
TOP OF THE 7TH |
San Francisco Bandits batting - Pitching for Vista Panthers : RHP Dave Jackson
|
Pitching: RHP Doug Singleton
|
|
Batting: RHB Jorge Díaz
|
0-0: Fly out, F9 (Flyball, 9LS)
|
Batting: LHB Jack Hewat
|
0-0: Ball 1-0: Ball 2-0: Foul Ball, location: 2F 2-1: Called Strike 2-2: Ball 3-2: Fly out, F6 (Popup, 6)
|
Batting: RHB Naomichi Aoki
|
0-0: Called Strike 0-1: Ball 1-1: Swinging Strike 1-2: Ball 2-2: Foul Ball, location: 2F 2-2: Strikes out swinging
|
Top of the 7th over - 0 run(s), 0 hit(s), 0 error(s), 0 left on base; San Francisco 2 - Vista 0 |
BOTTOM OF THE 7TH |
Vista Panthers batting - Pitching for San Francisco Bandits : LHP Pancho Guerrero
|
Batting: LHB Donovan Bird
|
0-0: Called Strike 0-1: Ball 1-1: Ball 2-1: Foul Ball, location: 2F 2-2: Fly out, F2 (Popup, 34S)
|
Batting: RHB Griswold Coleman
|
0-0: Called Strike 0-1: Called Strike 0-2: Ball 1-2: Ground out 6-3 (Groundball, 6)
|
Batting: RHB Salvador Salas
|
0-0: Fly out, F9 (Flyball, 9S)
|
Bottom of the 7th over - 0 run(s), 0 hit(s), 0 error(s), 0 left on base; San Francisco 2 - Vista 0 |
TOP OF THE 8TH |
San Francisco Bandits batting - Pitching for Vista Panthers : RHP Doug Singleton
|
Batting: LHB Mel Jones
|
0-0: Called Strike 0-1: Ball 1-1: Foul Ball, location: 2F 1-2: SINGLE (Groundball, 6D)
|
Batting: RHB José Sánchez
|
0-0: Ball 1-0: Sac Bunt - play at first, batter OUT! 1-4 Mel Jones to second
|
Batting: RHB Miguel Mendoza
|
0-0: Ball 1-0: Ball 2-0: Ball 3-0: Base on Balls
|
Batting: RHB Javier Ramírez
|
0-0: Ball 1-0: Swinging Strike 1-1: Fly out, F8 (Line Drive, 8RM)
|
Pitching: LHP Mario Tobías
|
|
Batting: LHB Jerry Bryan
|
0-0: Fly out, F5 (Popup, 5D)
|
Top of the 8th over - 0 run(s), 1 hit(s), 0 error(s), 2 left on base; San Francisco 2 - Vista 0 |
BOTTOM OF THE 8TH |
Vista Panthers batting - Pitching for San Francisco Bandits : LHP Pancho Guerrero
|
Now at C: Ángel Hernández
|
|
Batting: RHB Phil Matthews
|
0-0: Called Strike 0-1: Fly out, F9 (Flyball, 9LS)
|
Batting: RHB Justin Burgess
|
0-0: Foul Ball, location: 2F 0-1: Foul Ball, location: 2F 0-2: SINGLE (Groundball, 34S) (infield hit)
|
Batting: RHB John Mendelson
|
0-0: Ball 1-0: Ball 2-0: Fly out, F3 (Line Drive, 4)
|
Batting: RHB Roberto Cruz
|
0-0: Ball 1-0: Fielders Choice at 2nd, 5-4 (Groundball, 56)
|
Bottom of the 8th over - 0 run(s), 1 hit(s), 0 error(s), 0 left on base; San Francisco 2 - Vista 0 |
TOP OF THE 9TH |
San Francisco Bandits batting - Pitching for Vista Panthers : LHP Mario Tobías
|
Pitching: RHP Mitsunari Taguchi
|
|
Batting: RHB Ramón Ruíz
|
0-0: Called Strike 0-1: Ball 1-1: Ball 2-1: Foul Ball, location: 2F 2-2: Fly out, F8 (Flyball, 8RXD)
|
Batting: RHB Jorge Díaz
|
0-0: Ball 1-0: Called Strike 1-1: Swinging Strike 1-2: Foul Ball, location: 2F 1-2: Strikes out swinging
|
Batting: LHB Jack Hewat
|
0-0: Called Strike 0-1: Foul Ball, location: 2F 0-2: Fly out, F9 (Flyball, 9S)
|
Top of the 9th over - 0 run(s), 0 hit(s), 0 error(s), 0 left on base; San Francisco 2 - Vista 0 |
BOTTOM OF THE 9TH |
Vista Panthers batting - Pitching for San Francisco Bandits : LHP Pancho Guerrero
|
Pitching: RHP Kunihiko Daikawa
|
|
Batting: LHB Bob Cunningham
|
0-0: Ball 1-0: Ball 2-0: Ball 3-0: Base on Balls
|
Pinch Hitting: SHB Mark Wells
|
0-0: Ball 1-0: Ball 2-0: Fly out, F7 (Flyball, 7LS)
|
Batting: LHB Donovan Bird
|
0-0: Ball Error on foul ball, E9 1-1: Ball 2-1: Foul Ball, location: 2F 2-2: Foul Ball, location: 2F 2-2: Ball 3-2: Fly out, F3 (Popup, 34)
|
Pinch Hitting: LHB Patrick Osborne
|
0-0: SINGLE (Groundball, 5D) Bob Cunningham to second
|
Pinch Hitting: LHB Brent Alonzo
|
0-0: Called Strike 0-1: Ball 1-1: Ball 2-1: Called Strike 2-2: Reached on error, E6 (Groundball, 6) Bob Cunningham to third Patrick Osborne to second
|
Batting: RHB Phil Matthews
|
0-0: DOUBLE (Flyball, 9D) Bob Cunningham scores Patrick Osborne scores Brent Alonzo to third Runner from 3rd tries for Home, SAFE, no throw
|
Thursday, March 30th, 2017 - OOTP Baseball 17.12 Build 75
|
|